[Event "Turkish-ch Youth U16 2024"]
[Site "Belek Antalya"]
[Date "2024.01.26"]
[Round "8"]
[White "Ercan, Hilal"]
[Black "Tirpan, Ceren"]
[Result "1-0"]
[ECO "B31"]
[WhiteElo "1471"]
[BlackElo "2025"]
[Annotator "NA RC"]
[PlyCount "99"]
[EventDate "2024.01.21"]
[EventType "swiss"]
[EventCountry "TUR"]
[SourceTitle "playchess.com"]
[Source "ChessBase"]
[SourceQuality "1"]
[TimeControl "5400+30"]

1. e4 c5 2. a4 Nc6 3. Bb5 e6 4. Bxc6 bxc6 5. d3 g6 (5... d5 {was preferrable.}) 6. h4 {[%emt 0:01:30] B31: Sicilian: 2...Nc6 3 Bb5 g6.} h5 ({Better is} 6... e5 $11) 7. Nc3 Bg7 8. Nf3 d5 9. e5 Nh6 10. Bg5 Qa5 11. O-O Ng4 12. Re1 Rb8 13. Rb1 Qc7 14. Qe2 O-O 15. Bf4 {[%emt 0:03:30] [#]} Rb4 $1 16. Bg3 Nh6 (16... c4 $15 {is more appropriate.}) 17. Qd2 $1 Qe7 (17... Nf5 $15) 18. Bf4 Ng4 19. b3 f6 20. Na2 Rb7 21. exf6 Bxf6 22. Bg3 e5 23. Re2 Qg7 (23... Qd8 $11) 24. Rbe1 Re7 25. Qa5 Rfe8 $14 (25... g5 $11) 26. Qxc5 Kh8 27. Ng5 Nh6 28. Nf3 Bg4 29. Qxc6 Nf5 30. Qxd5 Bxf3 31. gxf3 Nxh4 32. Qe4 Nf5 33. Nb4 h4 34. Bh2 Nd4 35. Rd2 Qh6 36. Rdd1 Qg5+ 37. Kh1 Qh5 38. Nd5 Re6 39. Nc7 Nxf3 40. Nxe8 Rxe8 41. Rg1 Nd4 42. Qxg6 Qf3+ 43. Qg2 Qh5 44. Qg4 Qf7 45. Qe4 Qh5 46. Rg4 Nf5 47. Rdg1 Rf8 48. Bxe5 Ng3+ 49. fxg3 hxg3+ 50. Rh4 1-0

[Event "Turkish-ch Youth U16 2024"]
[Site "Belek Antalya"]
[Date "2024.01.26"]
[Round "8"]
[White "Engel, Ecrin Tuana"]
[Black "Kucuk, Aybike"]
[Result "0-1"]
[ECO "B10"]
[WhiteElo "1377"]
[BlackElo "1672"]
[Annotator "NA RC COMBH"]
[PlyCount "72"]
[EventDate "2024.01.21"]
[EventType "swiss"]
[EventCountry "TUR"]
[SourceTitle "playchess.com"]
[Source "ChessBase"]
[SourceQuality "1"]
[TimeControl "5400+30"]

1. e4 c6 2. Nf3 d5 3. exd5 cxd5 4. Ne5 Nf6 5. d4 e6 6. c3 Bd6 7. Nd2 Nbd7 8. f4 b6 9. Bd3 Bb7 10. O-O O-O 11. a4 Ne4 12. Qe2 f5 13. Ba6 Bxa6 14. Qxa6 Qc7 15. Ndf3 Rfc8 16. Nxd7 Qxd7 17. Ne5 Qc7 18. a5 Bxe5 19. fxe5 Qc6 20. Qe2 b5 21. g4 Rc7 22. gxf5 exf5 23. Qg2 Rf8 24. Rf3 Qg6 25. Be3 Qxg2+ 26. Kxg2 g5 27. Rd1 Rcf7 28. Bd2 f4 29. h3 h5 30. Be1 g4 31. Rf1 Rg7 32. Kh2 g3+ 33. Kg2 f3+ 34. Rxf3 Rxf3 35. Kxf3 g2 36. Bf2 Rf7+ 0-1

[Event "Turkish-ch Youth U16 2024"]
[Site "Belek Antalya"]
[Date "2024.01.26"]
[Round "8"]
[White "Solak, Serra"]
[Black "Ulus, Ekin"]
[Result "0-1"]
[ECO "D05"]
[WhiteElo "1251"]
[BlackElo "1452"]
[Annotator "NA RC COMBH"]
[PlyCount "124"]
[EventDate "2024.01.21"]
[EventType "swiss"]
[EventCountry "TUR"]
[SourceTitle "playchess.com"]
[Source "ChessBase"]
[SourceQuality "1"]
[TimeControl "5400+30"]

1. d4 Nf6 2. Nf3 e6 3. c3 d5 4. e3 b6 5. Bd3 Bb7 6. Nbd2 Be7 7. Qe2 O-O 8. O-O Nbd7 9. Ne5 Nxe5 10. dxe5 Nd7 11. f4 f5 12. exf6 Nxf6 13. e4 Nd7 14. Nb3 a5 15. exd5 exd5 16. Rf3 Nf6 17. Rg3 c5 18. Bf5 Bd6 19. Rh3 Bc8 20. Be6+ Bxe6 21. Qxe6+ Kh8 22. Qf5 a4 23. Nd2 Qe7 24. Nf3 Rae8 25. Bd2 Qe4 26. Qxe4 Nxe4 27. Rd1 Bxf4 28. Bxf4 Rxf4 29. Rxd5 a3 30. bxa3 Nxc3 31. Rdh5 h6 32. R5h4 Re1+ 33. Kf2 Re2+ 34. Kg3 Rxh4 35. Rxh4 Rxa2 36. Rc4 Nd5 37. Ra4 Ne3 38. Ne1 b5 39. Ra5 Re2 40. Nd3 c4 41. Nf4 Rb2 42. Kf3 Rb3 43. a4 Nd5+ 44. Ke4 Nxf4 45. Kxf4 c3 46. Ke3 bxa4 47. Rxa4 Kh7 48. g3 Kg6 49. Rc4 Kf5 50. h4 c2+ 51. Kf2 Rb2 52. Kf3 Ke5 53. Ke3 Kd5 54. Rc7 Rb3+ 55. Kf4 Rb4+ 56. Ke3 Rc4 57. Rxc4 Kxc4 58. Kd2 c1=Q+ 59. Kxc1 Kd3 60. h5 Ke3 61. Kd1 Kf3 62. Ke1 Kxg3 0-1

[Event "Turkish-ch Youth U16 2024"]
[Site "Belek Antalya"]
[Date "2024.01.27"]
[Round "9"]
[White "Erten, Kerem"]
[Black "Tamer, Kayra"]
[Result "1-0"]
[ECO "B17"]
[WhiteElo "2231"]
[BlackElo "1545"]
[Annotator "NA RC"]
[PlyCount "105"]
[EventDate "2024.01.21"]
[EventType "swiss"]
[EventCountry "TUR"]
[SourceTitle "playchess.com"]
[Source "ChessBase"]
[SourceQuality "1"]
[TimeControl "5400+30"]

1. e4 c6 2. d4 d5 3. Nc3 dxe4 4. Nxe4 Nd7 5. Nf3 Ngf6 6. Ng3 e6 7. Bd3 c5 8. c3 Be7 9. O-O O-O 10. Re1 b6 11. Qe2 cxd4 {[%emt 0:08:30] B17: Caro-Kann: Modern Line (4...Nd7).} 12. Nxd4 Nc5 13. Bc4 Bb7 {[%emt 0:04:30] [#]} 14. Ngf5 $1 exf5 15. Qxe7 Qxe7 16. Rxe7 Bd5 17. Bxd5 (17. Bb5 $14) 17... Nxd5 18. Re5 Rfe8 19. Rxe8+ Rxe8 20. Bd2 Nd3 21. b3 g6 $14 22. Kf1 Rc8 23. c4 N5f4 24. Ne2 Nxe2 25. Kxe2 Nc5 26. Be3 Kf8 27. Rd1 Ke7 28. Bg5+ f6 29. Bc1 Rd8 30. Ba3 Rxd1 31. Kxd1 f4 32. Bxc5+ bxc5 33. f3 Kd6 34. Kd2 h5 35. Kc3 h4 36. h3 a5 37. a3 Kc6 38. b4 Kb6 39. bxc5+ Kxc5 40. Kd3 f5 41. Kc3 g5 42. Kd3 g4 43. Kc3 Kc6 44. Kd4 gxh3 45. gxh3 Kd6 46. c5+ Kc6 47. a4 Kd7 48. Kd5 Kc7 49. c6 Kc8 50. Kc5 Kb8 51. Kb6 Ka8 52. Kxa5 Ka7 53. Kb5 1-0

[Event "Turkish-ch Youth U16 2024"]
[Site "Belek Antalya"]
[Date "2024.01.27"]
[Round "9"]
[White "Yildiz, Serdar Murat"]
[Black "Kececi, Kaan"]
[Result "1-0"]
[ECO "B78"]
[WhiteElo "2055"]
[BlackElo "1363"]
[Annotator "NA RC"]
[PlyCount "63"]
[EventDate "2024.01.21"]
[EventType "swiss"]
[EventCountry "TUR"]
[SourceTitle "playchess.com"]
[Source "ChessBase"]
[SourceQuality "1"]
[TimeControl "5400+30"]

1. e4 c5 2. Nf3 d6 3. d4 cxd4 4. Nxd4 Nf6 5. Nc3 g6 6. Be3 Bg7 7. f3 O-O 8. Qd2 Nc6 9. Bc4 Bd7 10. O-O-O Rc8 11. Bb3 Nxd4 12. Bxd4 b5 13. a3 a5 14. Nd5 Nxd5 15. Bxg7 Kxg7 16. exd5 Rc5 17. h4 h6 18. Rhe1 Re8 19. g4 Qc7 20. Qd4+ Kg8 21. Rd2 a4 22. Ba2 Qa5 23. h5 g5 24. f4 Rec8 25. Rxe7 Bxg4 26. fxg5 Bf5 27. Bb1 Qb6 28. c3 b4 29. Bxf5 bxc3 30. Bh7+ Kf8 31. Qh8+ Kxe7 32. Re2+ 1-0

[Event "Turkish-ch Youth U16 2024"]
[Site "Belek Antalya"]
[Date "2024.01.27"]
[Round "9"]
[White "Gungor, Cihan Akif"]
[Black "Pehlivan, Mert"]
[Result "0-1"]
[ECO "B43"]
[WhiteElo "1862"]
[BlackElo "1710"]
[Annotator "NA RC COMBH"]
[PlyCount "100"]
[EventDate "2024.01.21"]
[EventType "swiss"]
[EventCountry "TUR"]
[SourceTitle "playchess.com"]
[Source "ChessBase"]
[SourceQuality "1"]
[TimeControl "5400+30"]

1. e4 c5 2. Nf3 e6 3. d4 cxd4 4. Nxd4 a6 5. Nc3 Qc7 6. Be2 Nf6 7. O-O Bb4 8. Qd3 d6 9. f4 Nbd7 10. Bf3 O-O 11. Kh1 Bxc3 12. bxc3 Nc5 13. Qe3 e5 14. Nb3 b6 15. fxe5 dxe5 16. Nxc5 Qxc5 17. Qxc5 bxc5 18. Ba3 Bb7 19. Rfe1 Rfc8 20. Rab1 Rc7 21. Rbd1 Kf8 22. Kg1 Ke7 23. Kf2 Rd8 24. Rd3 Rd6 25. Red1 Rb6 26. Ke3 Ne8 27. Be2 Nd6 28. Rd5 Bxd5 29. Rxd5 f6 30. Bxc5 Rbc6 31. Bb4 Rxc3+ 32. Bxc3 Rxc3+ 33. Bd3 Ra3 34. g4 Rxa2 35. c4 Ra4 36. c5 Nc4+ 37. Ke2 Ra2+ 38. Kf3 Nb2 39. Be2 Ra3+ 40. Kf2 Rc3 41. Bxa6 Na4 42. Be2 Nxc5 43. Bf3 Nd3+ 44. Kg3 Ne1 45. g5 Rxf3+ 46. Kg4 Rf4+ 47. Kh5 Rxe4 48. gxf6+ gxf6 49. h4 Nf3 50. Kh6 Rxh4+ 0-1

[Event "Turkish-ch Youth U16 2024"]
[Site "Belek Antalya"]
[Date "2024.01.27"]
[Round "9"]
[White "Kucuk, Aybike"]
[Black "Ercan, Hilal"]
[Result "1-0"]
[ECO "D26"]
[WhiteElo "1672"]
[BlackElo "1471"]
[Annotator "NA RC COMBH"]
[PlyCount "79"]
[EventDate "2024.01.21"]
[EventType "swiss"]
[EventCountry "TUR"]
[SourceTitle "playchess.com"]
[Source "ChessBase"]
[SourceQuality "1"]
[TimeControl "5400+30"]

1. d4 d5 2. c4 dxc4 3. Nf3 Nf6 4. e3 e6 5. Bxc4 c5 6. O-O cxd4 7. exd4 Be7 8. Nc3 O-O 9. Bf4 a6 10. a4 Nc6 11. Rc1 Nb4 12. Qe2 b6 13. Rfd1 Bb7 14. Ne5 Nbd5 15. Bg3 Nxc3 16. bxc3 Ne4 17. Bf4 Bg5 18. Bxg5 Qxg5 19. f3 Nf6 20. Qd2 Qxd2 21. Rxd2 Bd5 22. Bxd5 exd5 23. Rb2 Rfb8 24. Rcb1 Rc8 25. Rxb6 Rxc3 26. Rb7 h6 27. Rxf7 Ra3 28. Rbb7 Ne8 29. h4 h5 30. f4 Rc8 31. f5 Rc1+ 32. Kh2 Raa1 33. Ng6 Rh1+ 34. Kg3 Ra3+ 35. Kf4 Rf1+ 36. Kg5 Rg3+ 37. Kxh5 Nf6+ 38. Rxf6 gxf6 39. Kh6 Rxg6+ 40. fxg6 1-0

[Event "Turkish-ch Youth U16 2024"]
[Site "Belek Antalya"]
[Date "2024.01.27"]
[Round "9"]
[White "Akkaya, Atakan"]
[Black "Topuz, Mirac Melih"]
[Result "1-0"]
[ECO "B30"]
[WhiteElo "1595"]
[BlackElo "2154"]
[Annotator "NA RC"]
[PlyCount "125"]
[EventDate "2024.01.21"]
[EventType "swiss"]
[EventCountry "TUR"]
[SourceTitle "playchess.com"]
[Source "ChessBase"]
[SourceQuality "1"]
[TimeControl "5400+30"]

1. e4 c5 2. Nf3 Nc6 3. Bb5 e5 4. Bxc6 dxc6 5. d3 Bd6 6. h3 Ne7 7. a4 O-O 8. Nbd2 f6 9. Nc4 Bc7 10. Be3 b6 11. O-O Be6 12. Qe2 a5 13. Rad1 Qe8 14. Rfe1 Qf7 15. Nfd2 Kh8 16. c3 Rfd8 17. Ra1 Qg6 18. Kh1 f5 19. f3 Rab8 20. Reb1 Rd7 21. b4 axb4 22. cxb4 cxb4 23. Rxb4 c5 24. Rb2 Nc6 25. a5 b5 26. Nb6 Bxb6 27. axb6 Nb4 28. Ra3 Rbd8 29. b7 Rxb7 30. Bxc5 Nc6 31. Ra6 Rc8 32. d4 exd4 33. Rxb5 d3 34. Qxd3 Rd7 35. Qe2 Rcd8 36. Rxc6 Rxd2 37. Qxd2 Rxd2 38. Rb8+ Bg8 39. Rxg6 hxg6 40. e5 Kh7 41. Bf8 Re2 42. Rb7 Rxe5 43. Rxg7+ Kh8 44. Rxg6 Re8 45. Rf6 Be6 46. Kh2 Kg8 47. Bh6 Kh7 48. h4 Bc8 49. Bg5 Kg7 50. h5 Be6 51. Kg3 Bc8 52. h6+ Kh7 53. Rf7+ Kg6 54. Rg7+ Kh5 55. h7 Be6 56. Kf4 Rh8 57. Ke5 Bb3 58. g4+ fxg4 59. fxg4+ Kxg4 60. Bf6+ Kf3 61. Rd7 Re8+ 62. Kd4 Ba4 63. Rc7 1-0

[Event "Turkish-ch Youth U16 2024"]
[Site "Belek Antalya"]
[Date "2024.01.27"]
[Round "9"]
[White "Tutmaz, Bugra Hamza"]
[Black "Ceyhan, Mert"]
[Result "0-1"]
[ECO "B75"]
[WhiteElo "1531"]
[BlackElo "2020"]
[Annotator "NA RC"]
[PlyCount "80"]
[EventDate "2024.01.21"]
[EventType "swiss"]
[EventCountry "TUR"]
[SourceTitle "playchess.com"]
[Source "ChessBase"]
[SourceQuality "1"]
[TimeControl "5400+30"]

1. e4 c5 2. Nf3 d6 3. d4 cxd4 4. Nxd4 Nf6 5. Nc3 g6 6. Be3 Bg7 7. f3 a6 8. Qd2 h5 9. Bc4 b5 10. Bd5 Nxd5 11. Nxd5 e6 12. Nc3 Nd7 13. O-O-O Ne5 14. Kb1 Nc4 15. Qd3 Bb7 16. h4 Rc8 17. Bc1 Qa5 18. Nce2 O-O 19. f4 Qb4 20. c3 Qc5 21. Nc2 f5 22. Ng3 Rfe8 23. Rh2 a5 24. Rh3 b4 25. b3 Na3+ 26. Nxa3 bxa3 27. c4 d5 28. cxd5 exd5 29. exf5 Ba6 30. Qd2 Re3 31. Ne4 Bd3+ 32. Qxd3 Rxd3 33. Nxc5 Rxd1 34. Kc2 Rxc1+ 35. Kxc1 Rxc5+ 36. Kd2 gxf5 37. Rg3 Kf7 38. Rg5 Bf6 39. Rg3 d4 40. Rh3 Rc3 0-1

[Event "Turkish-ch Youth U16 2024"]
[Site "Belek Antalya"]
[Date "2024.01.27"]
[Round "9"]
[White "Ulus, Ekin"]
[Black "Yildiz, Elif Zeren"]
[Result "1-0"]
[ECO "B86"]
[WhiteElo "1452"]
[BlackElo "1767"]
[Annotator "NA RC COMBH"]
[PlyCount "62"]
[EventDate "2024.01.21"]
[EventType "swiss"]
[EventCountry "TUR"]
[SourceTitle "playchess.com"]
[Source "ChessBase"]
[SourceQuality "1"]
[TimeControl "5400+30"]

1. e4 c5 2. Nf3 d6 3. d4 cxd4 4. Nxd4 Nf6 5. Nc3 a6 6. Bc4 e6 7. Bb3 Be7 8. g4 Nc6 9. g5 Nxd4 10. Qxd4 Nh5 11. h4 Qa5 12. Be3 Bd7 13. O-O-O Bc6 14. Rhg1 Rg8 15. f4 g6 16. Rdf1 Ng7 17. h5 Nxh5 18. f5 Bd7 19. f6 Bf8 20. Qd2 Rh8 21. Qf2 Rc8 22. Bb6 Qe5 23. Nd5 Qxe4 24. Nc7+ Rxc7 25. Bxc7 Qc6 26. Ba5 h6 27. Qa7 hxg5 28. Ba4 b5 29. Rf3 Qc5 30. Bb6 Qc8 31. Rc3 Bc6 1-0

[Event "Turkish-ch Youth U16 2024"]
[Site "Belek Antalya"]
[Date "2024.01.27"]
[Round "9"]
[White "Karatiken, Beray"]
[Black "Tirpan, Ceren"]
[Result "0-1"]
[ECO "D02"]
[WhiteElo "1391"]
[BlackElo "2025"]
[Annotator "NA RC"]
[PlyCount "69"]
[EventDate "2024.01.21"]
[EventType "swiss"]
[EventCountry "TUR"]
[SourceTitle "playchess.com"]
[Source "ChessBase"]
[SourceQuality "1"]
[TimeControl "5400+30"]

1. d4 Nf6 2. Bf4 e6 3. e3 c5 4. c3 d5 5. Nf3 Nc6 6. Nbd2 Qb6 7. Qb3 c4 8. Qc2 Qa5 9. Be2 Be7 10. Ne5 Nxe5 11. Bxe5 O-O 12. Bxf6 Bxf6 13. O-O b5 14. b4 Qc7 15. a4 a5 16. axb5 Bd7 17. bxa5 Rxa5 18. Rxa5 Qxa5 19. e4 Bxb5 20. exd5 exd5 21. Bf3 Bd7 22. Rb1 Be6 23. Nf1 Bg5 24. Ne3 Rd8 25. Qb2 Bf4 26. g3 Bxe3 27. fxe3 Bf5 28. Ra1 Qc7 29. Qb5 Qe7 30. Kf2 Re8 31. Re1 Be4 32. Bxe4 Qxe4 33. Qb1 Qg4 34. Kg2 h5 35. Qd1 0-1

[Event "Turkish-ch Youth U16 2024"]
[Site "Belek Antalya"]
[Date "2024.01.27"]
[Round "9"]
[White "Dalkilinc, Gul"]
[Black "Inci, Busra Nur"]
[Result "0-1"]
[ECO "E70"]
[WhiteElo "1254"]
[BlackElo "1346"]
[Annotator "NA RC COMBH"]
[PlyCount "62"]
[EventDate "2024.01.21"]
[EventType "swiss"]
[EventCountry "TUR"]
[SourceTitle "playchess.com"]
[Source "ChessBase"]
[SourceQuality "1"]
[TimeControl "5400+30"]

1. d4 c5 2. d5 d6 3. c4 g6 4. Nc3 Bg7 5. e4 Nf6 6. Nge2 Bd7 7. Ng3 Na6 8. Be2 Nc7 9. O-O O-O 10. f4 Bc8 11. Qd3 Nd7 12. Be3 a6 13. Rab1 Rb8 14. b4 cxb4 15. Rxb4 Nc5 16. Bxc5 dxc5 17. Rb3 Bd4+ 18. Kh1 Bd7 19. Rfb1 b5 20. cxb5 axb5 21. Qd2 b4 22. Nd1 Ba4 23. Rf3 Nb5 24. Bxb5 Bxd1 25. Rxd1 Rxb5 26. Ne2 Bg7 27. Rc1 Qa5 28. Rh3 Ra8 29. Qd3 Rb7 30. Rc2 b3 31. Rc1 bxa2 0-1